 Dungeon Crawl Stone Soup version 0.18.1-1-g2f07953 (webtiles) character file.

56 M4edhros the Sneak (level 3, 0/23 HPs)
             Began as an Octopode Artificer on May 7, 2016.
             Killed from afar by Dowan (12 damage)
             ... with a puff of flame
             ... on level 4 of the Dungeon.
             The game lasted 00:01:54 (1328 turns).

M4edhros the Sneak (Octopode Artificer)             Turns: 1328, Time: 00:01:55

Health: 0/23       AC:  1    Str: 10    XL:     3   Next: 95%
Magic:  5/5        EV: 12    Int: 14    God:
Gold:   96         SH:  0    Dex: 13    Spells: 0 memorised, 2 levels left

rFire  . . .     SeeInvis .     a - +0 short sword
rCold  + . .     Gourm    .     (no shield)
rNeg   . . .     Faith    .     (helmet restricted)
rPois  .         Spirit   .     (no amulet)
rElec  .         Dismiss  .     (no ring)
rCorr  .         Reflect  .     (no ring)
SustAt .         Harm     .     (no ring)
MR     .....                    (no ring)
Stlth  ++++......               (no ring)
                                (no ring)
                                (no ring)
                                (no ring)

@: not resistant to hostile enchantments, stealthy
A: almost no armour, amphibious, 8 rings, constrict 8, camouflage 1, cold
resistance 1, gelatinous body 1
a: no special abilities


You were on level 4 of the Dungeon.
You were very hungry.

You visited 1 branch of the dungeon, and saw 4 of its levels.

You collected 96 gold pieces.

Inventory:

Hand Weapons
 a - a +0 short sword (weapon)
 j - a +0 blowgun
Missiles
 g - 7 curare-tipped needles
Wands
 b - a wand of flame (15/48)
 c - a wand of enslavement (7/24)
 d - a wand of random effects (15/48)
Scrolls
 e - a scroll of identify {unknown}
 h - 2 scrolls of noise {unknown}
 i - a scroll of magic mapping {unknown}
 l - a scroll of immolation {unknown}
 m - a scroll of remove curse {unknown}
Potions
 k - a potion of heal wounds {unknown}
Comestibles
 f - 2 bread rations
 n - a beef jerky


   Skills:
 - Level 1.0 Fighting
 - Level 1.0 Short Blades
 - Level 2.0 Dodging
 + Level 5.3 Stealth
 - Level 3.2 Evocations


You had 2 spell levels left.
You didn't know any spells.

Dungeon Overview and Level Annotations

Branches:
Dungeon (4/15)
 Temple: D:4-7

Altars:
Pakellas
Vehumet

Annotations:
D:4 Dowan, Duvessa


Innate Abilities, Weirdness & Mutations

You cannot wear most types of armour.
You are amphibious.
You can wear up to eight rings at the same time.
You can use your tentacles to constrict eight enemies at once.
Your skin changes colour to match your surroundings (Stealth).
Your rubbery body absorbs attacks (AC +1).
Your flesh is cold resistant.


Message History

Gang up on whom?
Press: ? - help, Dir - move target cursor, f - Dowan, p - Duvessa
Aim: Dowan, wielding a dagger and wearing a robe Attack!
Dowan hits Duvessa with a dagger.
Duvessa closely misses Dowan.
Duvessa hits Dowan with a short sword.
You see here a bread ration.
f - 2 bread rations (gained 1) Duvessa barely misses Dowan.
Dowan smirks and points a slender finger.
Dowan gestures wildly while chanting.
Dowan blinks!
Duvessa hits Dowan with a short sword!
Dowan casts a spell.
Dowan blinks!
Dowan casts a spell.
Dowan blinks!
Dowan casts a spell at you. The puff of flame hits you!
Ouch! That really hurt!
You die...

#..#..#.......#
#.#.##..# #
#.##..#.##.##.#
#.......#
#..#.##..#....##.#
#......##
#........#..####.#
###.####
####.....#.......###
#e#
#####.##.#......#
#.#
##.##.#.####.####.#
#...#...##...e....#
#.........@#.######
#...##...###.#
######<..# #.#
#.......# #...#####
...# ...# ...#


You could see Dowan.

Vanquished Creatures
  2 gnolls (D:3)
  An adder (D:4)
  2 dart slugs
  A giant gecko (D:1)
  2 hobgoblins
  A bat (D:3)
  A giant newt (D:3)
  3 goblins
  2 kobolds
15 creatures vanquished.

Vanquished Creatures (collateral kills)
  An adder (D:3)
  A bat (D:3)
  A hobgoblin (D:3)
  A kobold (D:3)
4 creatures vanquished.

Vanquished Creatures (others)
  An adder (D:3)
  A bat (D:3)
2 creatures vanquished.

Grand Total: 21 creatures vanquished

Notes
Turn   | Place    | Note
--------------------------------------------------------------
     0 | D:1      | M4edhros the Octopode Artificer began the quest for the Orb.
     0 | D:1      | Reached XP level 1. HP: 13/13 MP: 3/3
    85 | D:1      | Reached skill level 2 in Stealth
   326 | D:1      | Reached XP level 2. HP: 18/18 MP: 4/4
   429 | D:1      | Reached skill level 3 in Stealth
   433 | D:1      | You fall through a shaft!
   433 | D:2      | Found an oddly glowing altar of Pakellas.
   625 | D:3      | Gained mutation: Your flesh is cold resistant. [potion of beneficial mutation]
   927 | D:3      | Reached skill level 4 in Stealth
   995 | D:3      | Found a radiant altar of Vehumet.
  1065 | D:3      | Reached XP level 3. HP: 23/23 MP: 5/5
  1073 | D:3      | Reached skill level 5 in Stealth
  1301 | D:4      | Noticed Duvessa
  1303 | D:4      | Noticed Dowan
  1328 | D:4      | Killed from afar by Dowan

Skill      XL: |  1  2  3 |
---------------+----------+-----
Stealth        | 2 4 5 |  5.3
Fighting       | |  1.0
Short Blades   | |  1.0
Dodging        | |  2.0
Evocations     | |  3.2

Action                   || total
-------------------------++-------
Melee: Short sword       ||    31
       Constrict         ||     7
       Tentacles         ||     4
Evoke: Wand              ||     8
  Use: Potion            ||     3
 Stab: Sleeping          ||    10
Armor: Skin              ||     3
Dodge: Dodged            ||    31
